 Dungeon Crawl Stone Soup version 0.26-a0-812-g31a745ddcd (webtiles) character file.

Game seed: 517727913657807738

2089 Borgoz the Cudgeller (level 9, -2/55 HPs)
             Began as a Gargoyle Gladiator on Dec 8, 2020.
             Was a Follower of Okawaru.
             Slain by a hornet (10 damage)
             ... on level 8 of the Dungeon.
             The game lasted 00:12:19 (7863 turns).

Borgoz the Cudgeller (Gargoyle Gladiator)           Turns: 7863, Time: 00:12:19

Health: -2/55      AC: 19    Str: 20    XL:     9   Next: 27%
Magic:  9/9        EV: 13    Int: 10    God:    Okawaru [*.....]
Gold:   327        SH:  0    Dex: 11    Spells: 8/8 levels left

rFire    x . .     SeeInvis .   u - +1 flail (holy)
rCold    + . .     Faith    .   (no shield)
rNeg     + . .     Spirit   .   f - +0 ring mail
rPois    ∞         Reflect  .   c - +0 helmet
rElec    +         Harm     .   r - +2 cloak
rCorr    .         Rampage  .   n - +0 pair of gloves
MR       .....                  (no boots)
Stlth    +.........             (no amulet)
HPRegen  0.18/turn              j - ring of ice
MPRegen  0.11/turn              (no ring)

@: no status effects
A: negative energy resistance 1, electricity resistance, unbreathing,
petrification resistance, rot immunity, AC +6
a: Heroism, Renounce Religion


You were on level 8 of the Dungeon.
You worshipped Okawaru.
Okawaru was aware of your devotion.
You visited 2 branches of the dungeon, and saw 9 of its levels.

You collected 327 gold pieces.

Inventory:

Hand Weapons
 u - a +1 flail of holy wrath (weapon)
Missiles
 d - 3 throwing nets (quivered)
Armour
 c - a +0 helmet (worn)
 f - a +0 ring mail (worn)
 n - a +0 pair of gloves (worn)
 r - a +2 cloak (worn)
Jewellery
 j - a ring of ice (left hand)
 l - an uncursed ring of protection from cold {unknown}
Wands
 g - a wand of disintegration (23)
Scrolls
 b - 3 scrolls of blinking {unknown}
 e - 2 scrolls of remove curse
 h - 4 scrolls of teleportation
 i - a scroll of enchant armour {unknown}
 k - a scroll of fear {unknown}
 o - 3 scrolls of amnesia {unknown}
 q - a scroll of fog
 t - a scroll of noise {unknown}
Potions
 a - a potion of ambrosia
 m - a potion of cancellation


   Skills:
 + Level 5.7 Fighting
 * Level 7.6 Maces & Flails
 - Level 1.7 Throwing
 * Level 7.4 Armour
 + Level 4.5 Dodging


You had 8 spell levels left.
You didn't know any spells.
Your spell library was empty.

Dungeon Overview and Level Annotations

Branches:
Dungeon (8/15)             Temple (1/1) D:5            Lair (0/6) D:8

Altars:
Ashenzari
Cheibriados
Dithmenos
Elyvilon
Fedhas
Gozag
Hepliaklqana
Kikubaaqudgha
Makhleb
Nemelex Xobeh
Okawaru
Qazlal
Ru
Sif Muna
Trog
Uskayaw
Vehumet
Yredelemnul
Zin
The Shining One

Annotations:
D:3 3 runed translucent doors, MoonlitKnight's ghost, amateur HOMo


Innate Abilities, Weirdness & Mutations

You are resistant to torment.
Your stone body is resilient. (AC +6)
You are immune to poison.
You resist negative energy. (rN+)
You are resistant to electric shocks. (rElec)
You can survive without breathing.
You are immune to petrification.
You are immune to rotting.


Message History

The black bear claws you but does no damage.
The black bear barely misses you. The hornet barely misses you.
The hornet stings you!
* * * LOW HITPOINT WARNING * * *
An orc comes into view. It is wielding a +0 whip.
The orc shouts!
You hear a shout!
The hornet stings you but does no damage.
The orc moves out of view.
An orc warrior comes into view. It is wielding a +0 long sword.
A warg, an orc and an orc wizard come into view.
The orc wizard shouts!
The warg howls!
The orc shouts!
The orc warrior shouts!
A warg comes into view.
The orc wizard gestures at you while chanting.
The magic dart hits you.
* * * LOW HITPOINT WARNING * * *
An orc priest comes into view.
Found a staircase to the Lair.
The hornet stings you!
You die... #####...######.. . ##.......... oo #....P..... ... #..._...... hoh.

#..P.P..... .o...
##..........
.oP...###h..#.......
#...y####.......
####@# ....... #.#
....... #.# .......
#.# .... #.# ..# ...
##.


You could see a hornet, a warg, an orc warrior, a black bear, an orc wizard and
2 orcs.

Vanquished Creatures
  Prince Ribbit (D:5)
  A wyvern (D:8)
  A black bear (D:8)
  2 ice beasts (D:6)
  A sky beast (D:5)
  An orc warrior (D:4)
  A phantom (D:8)
  2 ogres
  A bullfrog (D:3)
  3 jellies
  2 killer bees
  2 howler monkeys
  2 hounds
  2 orc priests
  4 orc wizards
  2 bullfrog skeletons
  An iguana (D:5)
  4 worker ants
  A killer bee zombie (D:8)
  A hound skeleton (D:4)
  A howler monkey zombie (D:5)
  A howler monkey skeleton (D:4)
  8 adders
  A white imp (D:8)
  3 ufetubi
  An adder skeleton (D:6)
  A worm (D:2)
  A dart slug (D:4)
  4 leopard geckos
  16 orcs
  4 giant cockroaches
  6 goblins
  5 hobgoblins
  5 jackals
  4 quokkas
  9 bats
  3 frilled lizards
  5 kobolds
  A leopard gecko skeleton (D:6)
  A leopard gecko zombie (D:6)
  7 rats
122 creatures vanquished.

Vanquished Creatures (collateral kills)
  3 killer bees (D:7)
3 creatures vanquished.

Grand Total: 125 creatures vanquished

Notes
Turn   | Place    | Note
-------+----------+-------------------------------------------
     0 | D:1      | Borgoz the Gargoyle Gladiator began the quest for the Orb.
     0 | D:1      | Reached XP level 1. HP: 12/12 MP: 1/1
   194 | D:1      | Reached XP level 2. HP: 16/18 MP: 2/2
   228 | D:1      | Reached skill level 1 in Armour
  1057 | D:2      | Reached XP level 3. HP: 10/22 MP: 3/3
  1298 | D:2      | Found a sacrificial altar of Ru.
  1492 | D:2      | Reached XP level 4. HP: 23/27 MP: 4/4
  1909 | D:2      | Found a glowing silver altar of Zin.
  1909 | D:2      | Found a broken altar of Ashenzari.
  1910 | D:2      | Found an opulent altar of Gozag.
  2148 | D:2      | Found a hide-covered altar of Uskayaw.
  2191 | D:3      | Noticed a bullfrog
  2198 | D:3      | Killed a bullfrog
  2198 | D:3      | Reached XP level 5. HP: 27/32 MP: 5/5
  2325 | D:3      | Found a runed translucent gate.
  2325 | D:3      | Found a runed translucent gate.
  2326 | D:3      | Found a runed translucent gate.
  2335 | D:3      | Noticed MoonlitKnight's ghost (amateur HOMo)
  2531 | D:3      | Reached XP level 6. HP: 11/37 MP: 6/6
  2945 | D:3      | Found a basalt altar of Yredelemnul.
  2995 | D:3      | Found a white marble altar of Elyvilon.
  3314 | D:3      | Found a burning altar of Makhleb.
  3456 | D:3      | Found a shimmering blue altar of Sif Muna.
  4070 | D:3      | Found a basalt altar of Yredelemnul.
  4346 | D:4      | Noticed an orc warrior
  4357 | D:4      | Killed an orc warrior
  4357 | D:4      | Reached skill level 5 in Maces & Flails
  4357 | D:4      | Reached XP level 7. HP: 12/42 MP: 7/7
  4930 | D:5      | Entered Level 5 of the Dungeon
  5122 | D:5      | Reached skill level 5 in Armour
  5462 | D:5      | Noticed Prince Ribbit
  5464 | D:5      | Found a staircase to the Ecumenical Temple.
  5479 | D:5      | HP: 2/43 [Prince Ribbit (10)]
  5482 | D:5      | Killed Prince Ribbit
  5482 | D:5      | Reached XP level 8. HP: 2/48 MP: 8/8
  5493 | Temple   | Entered the Ecumenical Temple
  5829 | Temple   | Became a worshipper of Warmaster Okawaru
  6275 | D:6      | Found a hazy altar of Hepliaklqana.
  6276 | D:6      | Found a shadowy altar of Dithmenos.
  6276 | D:6      | Noticed a shadow
  6421 | D:6      | Reached skill level 5 in Fighting
  6753 | D:6      | Found a stormy altar of Qazlal.
  6839 | D:6      | Reached * piety under Okawaru
  7389 | D:8      | Reached XP level 9. HP: 29/54 MP: 9/9
  7752 | D:8      | Found a bloodstained altar of Trog.
  7852 | D:8      | Noticed a hornet
  7862 | D:8      | Found a staircase to the Lair.
  7863 | D:8      | Slain by a hornet

Illustrated notes

Levels and vault maps discovered:
D:1:      sevenhm_arrival_forest_fort_small_3, layout_loops_ring,
          kennysheep_decorative_pillar, grunt_decor_resistance
D:2:      minmay_spotlight, layout_loops_ring, nicolae_overflow_hidden_temple,
          nicolae_overflow_quartered_altars, nicolae_ru_sacrificial_ziggurat
D:3:      lemuel_upstairs_altar, layout_basic, kennysheep_ying_yang,
          lemuel_blue_sif_altar, gammafunk_ghost_necromancy,
          makhleb_heckhound_becter
D:4:      layout_layer_cave, minmay_misc_feat_ornament
D:5:      layout_gridville, minmay_temple_entry_glass, uniq_prince_ribbit1
D:6:      layout_loops_ring, riverfiend_overflow_shadow_ancestor,
          marbit_many_paths
D:7:      layout_rooms
D:8:      layout_layer_cave, erik_lair_orcish_takeover, trog_ov_bears_minmay
Temple:   jpeg_temple_island

Skill      XL: |  1  2  3  4  5  6  7  8  9 |
---------------+----------------------------+-----
Armour         | 1 2 3 4 5 6 7 |  7.4
Fighting       | 3 4 5 |  5.7
Maces & Flails | 4 5 6 7 |  7.6
Dodging        | 3 4 |  4.5
Throwing       | |  1.7

Action                   |  1- 3 |  4- 6 |  7- 9 || total
-------------------------+-------+-------+-------++-------
Melee: Flail             |   102 |   186 |   255 ||   543
       Punch             |       |       |     1 ||     1
Throw: Throwing net      |       |     1 |     1 ||     2
Invok: Heroism           |       |       |     1 ||     1
Evoke: Wand              |       |       |     3 ||     3
  Use: Scroll            |     1 |     8 |     5 ||    14
       Potion            |       |     5 |     6 ||    11
Armor: Leather armour    |    44 |    42 |       ||    86
       Skin              |       |     5 |       ||     5
       Ring mail         |       |    91 |   231 ||   322
Dodge: Dodged            |    86 |   187 |   219 ||   492

Table legend: (Time is in decaauts)
 A = Elapsed time spent in this place.
 B = Non-inter-level travel time spent in this place.
 C = Inter-level travel time spent in this place.
 D = Time resting spent in this place.
 E = Time spent auto-exploring this place.
 F = Levels seen in this place.
 G = Mean time per level.
                   A        B        C        D        E       F      G
               +--------+--------+--------+--------+--------+-----+--------+
         Total |   7985 |   7731 |    254 |   1806 |   4736 |   9 |  887.2 |
       Dungeon |   7433 |   7188 |    245 |   1806 |   4208 |   8 |  929.1 |
        Temple |    552 |    543 |      9 |      0 |    528 |   1 |  552.0 |
               +--------+--------+--------+--------+--------+-----+--------+

Top non-repeatable levels by time:
     D:3: 1480 daAuts
     D:4: 1251 daAuts
     D:2: 1248 daAuts
     D:6: 1114 daAuts
     D:1: 1009 daAuts
     D:8: 679 daAuts
     D:5: 602 daAuts
  Temple: 552 daAuts
     D:7: 45 daAuts
